 Dungeon Crawl Stone Soup version 0.29-a0-563-g64e4043184 (webtiles) character file.

Game seed: 9643170209699411271

837 vulpzor the Thaumaturge (level 7, -3/53 HPs)
             Began as a Gnoll Wanderer on June 11, 2022.
             Was a Follower of Kikubaaqudgha.
             Slain by Prince Ribbit (11 damage)
             ... on level 5 of the Dungeon.
             The game lasted 00:20:49 (3931 turns).

vulpzor the Thaumaturge (Gnoll Wanderer)            Turns: 3931, Time: 00:20:53

Health: -3/53      AC: 12    Str: 14    XL:     7   Next: 99%
Magic:  20/20      EV: 12    Int: 10    God:    Kikubaaqudgha [*.....]
Gold:   266        SH:  0    Dex: 12    Spells: 11/25 levels left

rFire   + . .      SeeInvis .   a - +2 hand crossbow
rCold   . . .      Faith    .   (no shield)
rNeg    . . .      Spirit   .   s - +3 ring mail
rPois   +          Reflect  .   (no helmet)
rElec   .          Harm     .   D - +0 cloak
rCorr   .          Rampage  .   p - +0 pair of gloves
Will    .....                   b - +0 pair of boots
Stlth   +.........              (no amulet)
HPRegen 0.17/turn               v - ring of protection from fire
MPRegen 0.17/turn               A - ring of poison resistance

@: no status effects
A: fangs 1, strong nose, distributed training
a: Renounce Religion, Unearth Wretches


You were on level 5 of the Dungeon.
You worshipped Kikubaaqudgha.
Kikubaaqudgha was aware of your devotion.
You visited 1 branch of the dungeon, and saw 5 of its levels.

You collected 266 gold pieces.

Inventory:

Hand Weapons
 a - a +2 hand crossbow (weapon)
 e - a +4 dagger
 k - a +4 dagger of protection
 C - a +2 quarterstaff of chaos
 E - a +2 vorpal mace
Missiles
 u - 2 throwing nets
Armour
 b - a +0 pair of boots (worn)
 d - a +0 leather armour
 m - a +0 pair of boots
 p - a +0 pair of gloves (worn)
 s - a +3 ring mail (worn)
 D - a +0 cloak (worn)
Jewellery
 v - a ring of protection from fire (left hand)
 A - a ring of poison resistance (right hand)
Wands
 t - a wand of polymorph (8)
Scrolls
 c - a scroll of summoning
 g - a scroll of immolation {unknown}
 l - a scroll of blinking {unknown}
 o - a scroll of enchant armour {unknown}
 q - 2 scrolls of identify {unknown}
 w - a scroll of amnesia {unknown}
 y - a scroll of brand weapon {unknown}
 z - a scroll of fog {unknown}
Potions
 f - a potion of invisibility {unknown}
 h - 2 potions of mutation {unknown}
 i - a potion of attraction {unknown}
 j - a potion of berserk rage {unknown}
 n - a potion of brilliance {unknown}
 r - a potion of lignification {unknown}
 x - 2 potions of curing {unknown}
 B - a potion of might {unknown}


   Skills:
 + Level 3.9 Fighting
 + Level 2.8 Short Blades
 + Level 2.8 Long Blades
 + Level 2.8 Axes
 + Level 2.8 Maces & Flails
 + Level 2.8 Polearms
 + Level 2.8 Staves
 + Level 2.8 Slings
 + Level 2.8 Bows
 + Level 7.2 Crossbows
 + Level 2.8 Throwing
 + Level 2.8 Armour
 + Level 5.4 Dodging
 + Level 2.8 Stealth
 + Level 2.8 Shields
 + Level 2.8 Unarmed Combat
 + Level 9.7 Spellcasting
 + Level 2.3 Conjurations
 + Level 2.3 Hexes
 + Level 2.3 Summonings
 + Level 2.3 Necromancy
 + Level 2.3 Translocations
 + Level 2.3 Transmutations
 + Level 2.3 Fire Magic
 + Level 2.3 Ice Magic
 + Level 2.3 Air Magic
 + Level 2.3 Earth Magic
 + Level 2.3 Poison Magic
 + Level 3.1 Invocations
 + Level 2.8 Evocations


You had 11 spell levels left.
You knew the following spells:

 Your Spells              Type           Power      Damage    Failure   Level
a - Apportation           Tloc           18%        N/A       11%         1
b - Necrotize             Necr           36%        1d5       11%         1
c - Sublimation of Blood  Necr           9%         N/A       16%         2
d - Teleport Other        Tloc           9%         N/A       32%         3
e - Vampiric Draining     Necr           9%         2d6       32%         3
f - Anguish               Hex/Necr       4%         N/A       71%         4

Your spell library contained the following spells:

 Spells                   Type           Power      Damage    Failure   Level


Dungeon Overview and Level Annotations

Branches:
Dungeon (5/15)             Temple (0/1) D:4

Altars:
Kikubaaqudgha

Annotations:
D:5 Prince Ribbit


Innate Abilities, Weirdness & Mutations

You have very sharp teeth.
Your uncanny sense of smell can sniff out nearby items.
Your experience applies equally to all skills.


Message History

Prince Ribbit hits you but does no damage. x2
You barely miss Prince Ribbit.
Prince Ribbit is almost dead.
Prince Ribbit hits you! Prince Ribbit barely misses you.
You barely miss Prince Ribbit. You bite Prince Ribbit.
Prince Ribbit is almost dead.
Prince Ribbit hits you!
* * * LOW HITPOINT WARNING * * *
Prince Ribbit blinks!
Prince Ribbit blinks!
You are too injured to fight recklessly!
Shoot: a) +2 hand crossbow
Press: ? - help, Q - select action, (/) - cycle Shift-Dir - straight line, f/p - Prince Ribbit
Aim: Prince Ribbit (almost dead, 46% to hit)
You shoot a bolt. The bolt barely misses Prince Ribbit.
Prince Ribbit blinks!
Shoot: a) +2 hand crossbow
Press: ? - help, Q - select action, (/) - cycle Shift-Dir - straight line, f/p - Prince Ribbit
Aim: Prince Ribbit (almost dead, 46% to hit)
You shoot a bolt.
The bolt completely misses Prince Ribbit.
Prince Ribbit hits you but does no damage.
Prince Ribbit blinks!
Shoot: a) +2 hand crossbow
Press: ? - help, Q - select action, (/) - cycle Shift-Dir - straight line, f/p - Prince Ribbit
Aim: Prince Ribbit (almost dead, 46% to hit)
You shoot a bolt. The bolt closely misses Prince Ribbit.
Prince Ribbit blinks!
Shoot: a) +2 hand crossbow
Press: ? - help, Q - select action, (/) - cycle Shift-Dir - straight line, f/p - Prince Ribbit
Aim: Prince Ribbit (almost dead, 46% to hit)
You shoot a bolt. The bolt misses Prince Ribbit.
Prince Ribbit blinks!
Shoot: a) +2 hand crossbow
Press: ? - help, Q - select action, (/) - cycle Shift-Dir - straight line, f/p - Prince Ribbit
Aim: Prince Ribbit (almost dead, 46% to hit)
You shoot a bolt. The bolt barely misses Prince Ribbit.
Prince Ribbit closely misses you. Prince Ribbit hits you!
You die...
Kikubaaqudgha rasps: "You have failed me!
Welcome... death!"

#.....# ## ..
#.....##.. ...
#.........
<..#########.........
..........#.........
..........##.....#
.>........##.....##
.......<..§.F.....+
...##..)..##@....##
##.....##.....##
#..............#
#..............#
#..........>...#
#....§.........#
#.............##
#..#...##.....#
#########..(....


You could see Prince Ribbit.

Vanquished Creatures
  Grinder (D:3)
  Sigmund (D:3)
  2 ogres
  Blork the orc (D:4)
  2 jellies
  A hound (D:4)
  Crazy Yiuf (D:4)
  Jessica (D:2)
  3 adders
  An ufetubus (D:4)
  3 worms
  3 dart slugs
  13 endoplasms
  3 giant cockroaches
  10 goblins
  12 hobgoblins
  6 jackals (D:1)
  6 kobolds
  2 quokkas
  7 ball pythons
  4 bats
  A frilled lizard (D:1)
  3 rats
87 creatures vanquished.

Vanquished Creatures (others)
  A giant cockroach (D:4)
  A ball python (D:3)
  4 fungi (D:4)
6 creatures vanquished.

Grand Total: 93 creatures vanquished

Notes
Turn   | Place    | Note
-------+----------+-------------------------------------------
     0 | D:1      | Reached skill level 9 in Spellcasting
     0 | D:1      | vulpzor the Gnoll Wanderer began the quest for the Orb.
     0 | D:1      | vulpzor set off with the following items: a +2 hand
                  | crossbow, a +0 pair of boots, a scroll of summoning, a +0
                  | leather armour; and the following spell memorised:
                  | Apportation; and the following spells available to
                  | memorise: Teleport Other
     0 | D:1      | Reached XP level 1. HP: 17/17 MP: 10/10
   227 | D:1      | Reached XP level 2. HP: 23/23 MP: 12/12
   442 | D:1      | Found a faded altar of an unknown god.
   451 | D:1      | Prayed at the altar of an unknown god.
   451 | D:1      | Became a worshipper of Kikubaaqudgha
   451 | D:1      | Reached * piety under Kikubaaqudgha
   451 | D:1      | Received a gift from Kikubaaqudgha
   488 | D:1      | Reached XP level 3. HP: 28/28 MP: 13/13
   918 | D:1      | Reached skill level 1 in Invocations
   988 | D:2      | Noticed Jessica
  1002 | D:2      | Killed Jessica
  1003 | D:2      | Reached skill level 1 in Short Blades
  1003 | D:2      | Reached skill level 1 in Long Blades
  1003 | D:2      | Reached skill level 1 in Axes
  1003 | D:2      | Reached skill level 1 in Maces & Flails
  1003 | D:2      | Reached skill level 1 in Polearms
  1003 | D:2      | Reached skill level 1 in Staves
  1003 | D:2      | Reached skill level 1 in Slings
  1003 | D:2      | Reached skill level 1 in Bows
  1003 | D:2      | Reached skill level 1 in Throwing
  1003 | D:2      | Reached skill level 1 in Armour
  1003 | D:2      | Reached skill level 1 in Stealth
  1003 | D:2      | Reached skill level 1 in Shields
  1003 | D:2      | Reached skill level 1 in Unarmed Combat
  1003 | D:2      | Reached skill level 1 in Evocations
  1003 | D:2      | Reached XP level 4. HP: 33/34 MP: 15/15
  1180 | D:2      | Reached ** piety under Kikubaaqudgha
  1358 | D:2      | Learned a level 1 spell: Necrotize
  1361 | D:2      | Learned a level 2 spell: Sublimation of Blood
  1366 | D:2      | Learned a level 3 spell: Teleport Other
  1370 | D:2      | Learned a level 3 spell: Vampiric Draining
  1375 | D:2      | Learned a level 4 spell: Anguish
  1451 | D:2      | Reached skill level 1 in Conjurations
  1451 | D:2      | Reached skill level 1 in Hexes
  1451 | D:2      | Reached skill level 1 in Summonings
  1451 | D:2      | Reached skill level 1 in Necromancy
  1451 | D:2      | Reached skill level 1 in Translocations
  1451 | D:2      | Reached skill level 1 in Transmutations
  1451 | D:2      | Reached skill level 1 in Fire Magic
  1451 | D:2      | Reached skill level 1 in Ice Magic
  1451 | D:2      | Reached skill level 1 in Air Magic
  1451 | D:2      | Reached skill level 1 in Earth Magic
  1451 | D:2      | Reached skill level 1 in Poison Magic
  1519 | D:2      | Reached XP level 5. HP: 40/40 MP: 16/16
  1965 | D:3      | Noticed Grinder
  2096 | D:3      | Paralysed by Grinder for 3 turns
  2101 | D:3      | Killed Grinder
  2102 | D:3      | Reached skill level 5 in Dodging
  2102 | D:3      | Reached XP level 6. HP: 22/47 MP: 16/18
  2288 | D:3      | Noticed Sigmund
  2313 | D:3      | Killed Sigmund
  2314 | D:3      | Reached XP level 7. HP: 18/52 MP: 20/20
  3013 | D:4      | Found a staircase to the Ecumenical Temple.
  3158 | D:4      | Noticed Blork the orc
  3173 | D:4      | Killed Blork the orc
  3642 | D:4      | Found a runed translucent door.
  3643 | D:4      | Noticed Crazy Yiuf
  3650 | D:4      | Killed Crazy Yiuf
  3888 | D:5      | Entered Level 5 of the Dungeon
  3905 | D:5      | Noticed Prince Ribbit
  3931 | D:5      | Slain by Prince Ribbit

Illustrated notes

Levels and vault maps discovered:
D:1:      psy_arrival_conway, layout_basic, serial_glass, glass_columns_b,
          glass_columns_c, glass_columns_a, glass_columns_a, glass_columns_b,
          glass_columns_b, shapermc_ecumenical_altar_pompeii
D:2:      layout_loops_ring, uniq_jessica
D:3:      layout_loops_ring, st_stairs_9, dreamdust_mushroom_princess,
          uniq_grinder, uniq_sigmund
D:4:      layout_loops_cross, minmay_temple_entry_ruins,
          uniq_crazy_yiuf_cottage, uniq_blork_the_orc
D:5:      layout_gridville, uniq_eustachio, uniq_prince_ribbit1

Skill      XL: |  1  2  3  4  5  6  7 |
---------------+----------------------+-----
Spellcasting   | |  9.7
Invocations    | 1 2 3 |  3.1
Short Blades   | 1 2 |  2.8
Long Blades    | 1 2 |  2.8
Axes           | 1 2 |  2.8
Maces & Flails | 1 2 |  2.8
Polearms       | 1 2 |  2.8
Staves         | 1 2 |  2.8
Slings         | 1 2 |  2.8
Bows           | 1 2 |  2.8
Throwing       | 1 2 |  2.8
Armour         | 1 2 |  2.8
Stealth        | 1 2 |  2.8
Shields        | 1 2 |  2.8
Unarmed Combat | 1 2 |  2.8
Evocations     | 1 2 |  2.8
Conjurations   | 1 2 |  2.3
Hexes          | 1 2 |  2.3
Summonings     | 1 2 |  2.3
Necromancy     | 1 2 |  2.3
Translocations | 1 2 |  2.3
Transmutations | 1 2 |  2.3
Fire Magic     | 1 2 |  2.3
Ice Magic      | 1 2 |  2.3
Air Magic      | 1 2 |  2.3
Earth Magic    | 1 2 |  2.3
Poison Magic   | 1 2 |  2.3
Fighting       | 3 |  3.9
Dodging        | 5 |  5.4
Crossbows      | 7 |  7.2

Action                   |  1- 3 |  4- 6 |  7- 9 || total
-------------------------+-------+-------+-------++-------
Melee: Unarmed           |       |     5 |       ||     5
       Hand crossbow     |       |       |     3 ||     3
       Bite              |       |       |     1 ||     1
 Fire: Hand crossbow     |    80 |    85 |   109 ||   274
 Cast: Necrotize         |       |       |     4 ||     4
       Sublimation of Bl |       |       |     1 ||     1
Invok: Unearth Wretches  |       |     2 |     2 ||     4
  Use: Scroll            |     4 |     1 |       ||     5
Armor: Leather armour    |     9 |     5 |       ||    14
       Ring mail         |       |     2 |    51 ||    53
       Skin              |       |     3 |       ||     3
Dodge: Dodged            |     9 |    29 |    53 ||    91

Table legend: (Time is in decaauts)
 A = Elapsed time spent in this place.
 B = Non-inter-level travel time spent in this place.
 C = Inter-level travel time spent in this place.
 D = Time resting spent in this place.
 E = Time spent auto-exploring this place.
 F = Levels seen in this place.
 G = Mean time per level.
                   A        B        C        D        E       F      G
               +--------+--------+--------+--------+--------+-----+--------+
         Total |   3998 |   3998 |      0 |    375 |   2611 |   5 |  799.6 |
       Dungeon |   3998 |   3998 |      0 |    375 |   2611 |   5 |  799.6 |
               +--------+--------+--------+--------+--------+-----+--------+

Top non-repeatable levels by time:
     D:3: 1259 daAuts
     D:4: 1033 daAuts
     D:1: 957 daAuts
     D:2: 696 daAuts
     D:5: 50 daAuts
